 Dungeon Crawl Stone Soup version 0.28-a0-932-g843f935a50 (webtiles) character file.

Game seed: 9587261926332020155

92 GenialerGandalf the Sneak (level 4, -1/31 HPs)
             Began as an Octopode Monk on Nov 27, 2021.
             Slain by Grinder (6 damage)
             ... while paralysed by Grinder
             ... on level 3 of the Dungeon.
             The game lasted 00:04:19 (1447 turns).

GenialerGandalf the Sneak (Octopode Monk)           Turns: 1447, Time: 00:04:20

Health: -1/31      AC:  1    Str: 11    XL:     4   Next: 60%
Magic:  4/4        EV:  2    Int: 12    God:
Gold:   91         SH:  0    Dex: 14    Spells: 3/3 levels left

rFire   . . .      SeeInvis .   a - +0 spear
rCold   . . .      Faith    .   (no shield)
rNeg    . . .      Spirit   .   (helmet restricted)
rPois   .          Reflect  .   (no amulet)
rElec   .          Harm     .   e - +4 ring of slaying
rCorr   .          Rampage  .   (no ring)
Will    .....                   (no ring)
Stlth   ++++......              (no ring)
HPRegen 0.10/turn               (no ring)
MPRegen 0.09/turn               (no ring)
                                (no ring)
                                (no ring)

@: paralysed
A: almost no armour, amphibious, 8 rings, camouflage 1, gelatinous body 1,
(nimble swimmer 1), tentacles
a: no special abilities


You were on level 3 of the Dungeon.
You visited 1 branch of the dungeon, and saw 3 of its levels.

You collected 91 gold pieces.

Inventory:

Hand Weapons
 a - a +0 spear (weapon)
 f - a +0 dagger of draining
Jewellery
 e - a +4 ring of slaying (left tentacle)
Potions
 b - a potion of haste {unknown}
 c - 2 potions of brilliance {unknown}


   Skills:
 * Level 3.5 Fighting
 + Level 3.6 Polearms
 * Level 3.4 Dodging
 * Level 4.6 Stealth


You had 3 spell levels left.
You didn't know any spells.
Your spell library was empty.

Dungeon Overview and Level Annotations

Branches:
Dungeon (3/15)

Altars:

Annotations:
D:3 Grinder


Innate Abilities, Weirdness & Mutations

You cannot wear most types of armour.
You are amphibious.
You can wear up to eight rings at the same time.
Your skin changes colour to match your surroundings (Stealth+).
Your rubbery body absorbs attacks. (AC +1, EV +1)
((You are camouflaged near water. (Stealth+)))
You have tentacles for arms and can constrict up to eight enemies at once.


Message History

(D) Dungeon
Where to? (Enter - D:2, ? - help)
What level of the Dungeon? (default 1, ? - help)
You see here 17 bolts.
There is a stone staircase leading down here.
You climb downwards.
There is a stone staircase leading up here.
A rat is nearby!
You puncture the rat!
You kill the rat!
No target in view!
No target in view!
Grinder comes into view.
Grinder shouts!
Grinder gestures at you.
You barely resist. You hit Grinder. You grab Grinder.
Grinder is lightly wounded.
You constrict Grinder. You barely miss Grinder. You squeeze Grinder!
Grinder is moderately wounded.
You constrict Grinder, but do no damage.
Grinder hits you but does no damage.
You hit Grinder but do no damage.
Grinder is moderately wounded.
You constrict Grinder. Grinder closely misses you.
You hit Grinder. You squeeze Grinder!
Grinder is heavily wounded.
You constrict Grinder. Grinder hits you!
You writhe in agony.
You hit Grinder. You squeeze Grinder!
Grinder is almost dead.
You constrict Grinder. Grinder gestures at you.
You suddenly lose the ability to move!
You lose your grip on Grinder.
Grinder gestures at you. You resist with significant effort. Grinder hits you!
You writhe in agony.
* * * LOW HITPOINT WARNING * * *
Grinder hits you.
You die...

#...... ######......
.########.......#...
................#...
#####...#####.#<..
#.### #.##.. #.#####
#.....
#########.....#
#####.
#...5@.....##.# .
#.########.# # .# .#
.# .# .#


You could see Grinder.

Vanquished Creatures
  A hound (D:2)
  3 dart slugs
  3 endoplasms
  A giant cockroach (D:1)
  4 goblins
  7 hobgoblins
  4 jackals (D:1)
  3 quokkas
  4 ball pythons
  7 bats
  3 frilled lizards
  3 kobolds
  9 rats
52 creatures vanquished.

Notes
Turn   | Place    | Note
-------+----------+-------------------------------------------
     0 | D:1      | GenialerGandalf the Octopode Monk began the quest for the
                  | Orb.
     0 | D:1      | Reached XP level 1. HP: 16/16 MP: 1/1
    55 | D:1      | Reached XP level 2. HP: 20/21 MP: 2/2
   173 | D:1      | Reached skill level 3 in Stealth
   211 | D:1      | Reached XP level 3. HP: 22/26 MP: 3/3
   445 | D:1      | Found a faded altar of an unknown god.
   445 | D:1      | Noticed a reaper
  1019 | D:2      | Reached XP level 4. HP: 31/31 MP: 4/4
  1179 | D:2      | Reached skill level 4 in Stealth
  1435 | D:3      | Noticed Grinder
  1444 | D:3      | Paralysed by Grinder for 6 turns
  1447 | D:3      | Slain by Grinder

Illustrated notes

Levels and vault maps discovered:
D:1:      roderic_crossed_star, layout_rooms,
          dreamdust_ecumenical_altar_sealed_demon, hex_medium
D:2:      layout_loops_ring, dk_noncrumbling_4, chequers_serial_rivers_small_3,
          small_statue_intersection, grunt_ministairs_15, minmay_misc_feat_room
D:3:      layout_basic, cheibriados_altar_1, grunt_ministairs_3, uniq_grinder

Skill      XL: |  1  2  3  4 |
---------------+-------------+-----
Stealth        | 3 4 |  4.6
Fighting       | |  3.5
Polearms       | |  3.6
Dodging        | |  3.4

Action                   |  1- 3 |  4- 6 || total
-------------------------+-------+-------++-------
Melee: Spear             |    86 |    20 ||   106
       Tentacles         |    13 |     5 ||    18
       Constrict         |    15 |     4 ||    19
  Use: Scroll            |     3 |       ||     3
 Stab: Sleeping          |    18 |     3 ||    21
Armor: Skin              |     6 |     1 ||     7
Dodge: Dodged            |    26 |     6 ||    32

Table legend: (Time is in decaauts)
 A = Elapsed time spent in this place.
 B = Non-inter-level travel time spent in this place.
 C = Inter-level travel time spent in this place.
 D = Time resting spent in this place.
 E = Time spent auto-exploring this place.
 F = Levels seen in this place.
 G = Mean time per level.
                   A        B        C        D        E       F      G
               +--------+--------+--------+--------+--------+-----+--------+
         Total |   1438 |   1411 |     27 |      0 |   1064 |   3 |  479.3 |
       Dungeon |   1438 |   1411 |     27 |      0 |   1064 |   3 |  479.3 |
               +--------+--------+--------+--------+--------+-----+--------+

Top non-repeatable levels by time:
     D:2: 829 daAuts
     D:1: 580 daAuts
     D:3: 28 daAuts
